 Dungeon Crawl Stone Soup version 0.26.0-10-g1f06aea511 (webtiles) character file.

Game seed: 1128707324532371864

1557 Borgoz the Skirmisher (level 8, -18/70 HPs)
             Began as a Ghoul Gladiator on Jan 18, 2021.
             Demolished by an orc warrior
             ... wielding a +0 glaive
              (23 damage)
             ... in a bailey.
             The game lasted 00:08:57 (6497 turns).

Borgoz the Skirmisher (Ghoul Gladiator)             Turns: 6497, Time: 00:08:57

Health: -18/70     AC: 21    Str: 17 (18) XL:     8   Next: 88%
Magic:  7/7        EV:  7    Int:  3      God:
Gold:   139        SH:  5    Dex: 11 (12) Spells: 7/7 levels left

rFire    . . .     SeeInvis .   a - +2 long sword
rCold    + . .     Faith    .   (no shield)
rNeg     + + +     Spirit   .   b - +0 plate armour
rPois    ∞         Reflect  +   c - +2 helmet
rElec    .         Harm     .   y - +1 cloak
rCorr    .         Rampage  .   (no gloves)
Will     +....                  (no boots)
Stlth    ..........             v - amulet of reflection
HPRegen  0.00/turn              n - ring of willpower
MPRegen  0.10/turn              t - +4 ring of protection

@: mighty, flying, studying Shields
A: claws 1, cold resistance 1, negative energy resistance 3, inhibited
regeneration, torment resistance, unbreathing
a: no special abilities


You were in a bailey.
You visited 1 branch of the dungeon, and saw 6 of its levels.
You also visited: Bailey.

You collected 139 gold pieces.

Inventory:

Hand Weapons
 a - a +2 long sword (weapon)
Missiles
 d - 3 throwing nets (quivered)
Armour
 b - a +0 plate armour (worn)
 c - a +2 helmet (worn)
 y - a +1 cloak (worn)
Jewellery
 f - an uncursed ring of resist corrosion
 n - a ring of willpower (left claw)
 t - a +4 ring of protection (right claw)
 v - an amulet of reflection (around neck)
Scrolls
 o - 3 scrolls of remove curse
Potions
 g - 2 potions of curing
Books
 e - a manual of Shields


   Skills:
 + Level 6.2 Fighting
 + Level 5.6 Long Blades
 - Level 1.7 Throwing
 + Level 4.7 Armour
 + Level 5.6 Dodging


You had 7 spell levels left.
You didn't know any spells.
Your spell library was empty.

Dungeon Overview and Level Annotations

Branches:
Dungeon (7/15)             Temple (0/1) D:5          Bailey (1/1)

Altars:
Nemelex Xobeh


Innate Abilities, Weirdness & Mutations

You thrive by killing the living.
You are immune to poison.
You have sharp fingernails.
Your flesh is cold resistant. (rC+)
You are immune to negative energy. (rN+++)
You do not regenerate when monsters are visible.
You are immune to unholy pain and torment.
You can survive without breathing.


Message History

The orc knight is lightly wounded.
The orc warrior hits you from afar with a +4 glaive!
You block the orc warrior's attack.
The orc warrior hits you with a +0 spear!
Okay, then.
The orc knight hits you from afar with a +0 halberd.
You block the orc warrior's attack.
There is a gate leading back out of this place here.
There is an open gate here.
You block the orc warrior's attack.
There is an open gate here.
You block the orc warrior's attack.
The orc knight hits you with a +0 halberd!
* * * LOW HITPOINT WARNING * * *
The orc warrior hits you but does no damage.
There is a gate leading back out of this place here.
The orc knight hits you with a +0 halberd.
* * * LOW HITPOINT WARNING * * *
The orc warrior hits you from afar with a +0 glaive!!
You die...

≈≈≈≈≈≈≈≈≈≈≈≈#.#≈ .
≈≈≈≈≈≈≈≈≈≈≈##.##≈.
≈≈≈≈≈≈≈≈≈≈≈..^..≈.
≈≈≈≈≈≈≈≈≈≈≈#∩.##≈.
#######≈≈≈≈≈≈#.#≈≈.
##≈≈≈≈##≈≈≈≈≈≈≈≈≈≈≈.
##≈≈≈≈≈##≈≈≈≈≈≈≈≈≈≈≈.
##≈≈#'o'##≈≈≈≈≈≈≈≈≈≈≈.
#≈≈##@.∩##≈≈##≈≈≈≈≈≈≈.
#≈####o####≈##≈≈≈≈)≈(.
#≈')#.o.#)'≈##≈≈≈≈≈(≈(
#≈###o8.###≈##≈≈≈≈(≈≈.
#≈')#:.?#)'≈##≈≈≈≈≈≈≈.
#≈#########≈##≈≈≈≈≈≈≈.
#≈≈##)#[##≈≈#≈≈≈≈≈≈≈≈.
##≈≈#'#'#≈≈##≈≈≈≈≈≈≈≈)
##≈≈≈≈≈≈≈##≈≈≈(≈≈≈≈≈.


You could see an orc knight and 2 orc warriors.

Vanquished Creatures
  An ice beast (D:5)
  6 orc warriors (Bailey)
  2 ogres
  Blork the orc (D:4)
  A bullfrog (D:7)
  A scorpion (D:4)
  3 killer bees (D:7)
  A centaur zombie (D:7)
  A hound (D:7)
  An orc wizard (D:4)
  A gnoll shaman (D:5)
  An orc priest (D:3)
  A worker ant (D:5)
  A hound skeleton (D:5)
  3 adders
  6 gnolls
  A shadow imp (D:7)
  2 white imps (D:5)
  4 worms
  A dart slug (D:3)
  2 leopard geckos
  22 orcs
  6 bats
  3 giant cockroaches
  11 goblins
  9 hobgoblins
  6 jackals
  5 quokkas
  4 frilled lizards
  7 kobolds
  7 rats
121 creatures vanquished.

Notes
Turn   | Place    | Note
-------+----------+-------------------------------------------
     0 | D:1      | Borgoz the Ghoul Gladiator began the quest for the Orb.
     0 | D:1      | Reached XP level 1. HP: 17/17 MP: 0/0
    90 | D:1      | Reached XP level 2. HP: 23/25 MP: 1/1
   201 | D:1      | Reached XP level 3. HP: 10/30 MP: 2/2
   475 | D:1      | Reached skill level 1 in Armour
  1474 | D:2      | Found a sparkling altar of Nemelex Xobeh.
  1557 | D:2      | Reached skill level 3 in Fighting
  1557 | D:2      | Reached XP level 4. HP: 20/38 MP: 3/3
  2432 | D:3      | Reached XP level 5. HP: 23/45 MP: 4/4
  3419 | D:4      | Noticed an ogre
  3421 | D:4      | Noticed Blork the orc
  3433 | D:4      | Killed an ogre
  3434 | D:4      | Reached XP level 6. HP: 43/52 MP: 5/5
  3453 | D:4      | Killed Blork the orc
  3454 | D:4      | Reached skill level 4 in Fighting
  4102 | D:5      | Entered Level 5 of the Dungeon
  4461 | D:5      | Reached XP level 7. HP: 55/60 MP: 6/6
  4663 | D:5      | Found a staircase to the Ecumenical Temple.
  4781 | D:5      | You fall into a shaft and drop 2 floors!
  4835 | D:7      | Reached skill level 5 in Fighting
  4971 | D:7      | Reached XP level 8. HP: 51/68 MP: 7/7
  5022 | D:7      | Found a flagged portal.
  5122 | Bailey   | Entered a bailey
  5276 | Bailey   | Reached skill level 5 in Long Blades
  5276 | Bailey   | Reached skill level 5 in Dodging
  6048 | Bailey   | Reached skill level 6 in Fighting
  6487 | Bailey   | Noticed an orc knight
  6497 | Bailey   | Demolished by an orc warrior

Illustrated notes

Levels and vault maps discovered:
D:1:      moated_graveyard_arrival, layout_basic,
          chequers_serial_rivers_micro_a, lemuel_old_faithful
D:2:      layout_basic, nicolae_overflow_hidden_temple
D:3:      layout_basic
D:4:      layout_loops_corners, uniq_blork_the_orc
D:5:      layout_loops_ring, minmay_temple_entry_mini_moons
D:7:      gammafunk_beogh_shrine, layout_loops_ring,
          gammafunk_ghost_gnarly_gnolls, enter_bailey_3, uniq_menkaure,
          uniq_crazy_yiuf_cottage
Bailey:   bailey_polearm_2, bailey

Skill      XL: |  1  2  3  4  5  6  7  8 |
---------------+-------------------------+-----
Long Blades    | 3 4 5 |  5.6
Armour         | 1 2 3 4 |  4.7
Dodging        | 3 4 5 |  5.6
Fighting       | 3 4 5 6 |  6.2
Throwing       | |  1.7

Action                   |  1- 3 |  4- 6 |  7- 9 || total
-------------------------+-------+-------+-------++-------
Melee: Long sword        |   126 |   205 |   257 ||   588
Throw: Throwing net      |       |       |     1 ||     1
  Use: Scroll            |     4 |     9 |     3 ||    16
       Potion            |       |     1 |     9 ||    10
 Stab: Held in net/web   |       |       |     2 ||     2
Armor: Leather armour    |    24 |       |       ||    24
       Scale mail        |    40 |   106 |   132 ||   278
       Plate armour      |       |       |    13 ||    13
Dodge: Dodged            |    79 |   126 |   158 ||   363
Block: Other             |       |    16 |    75 ||    91
       Reflection        |       |       |     9 ||     9
       Rpst.: Long sword |    23 |    36 |    47 ||   106
